 Dungeon Crawl Stone Soup version 0.29-a0-563-g64e4043184 (webtiles) character file.

Game seed: 603809548220405129

126 dolemite99 the Digger (level 5, -17/38 HPs)
             Began as a Meteoran Earth Elementalist on June 12, 2022.
             Demolished by an ogre
             ... wielding a +0 giant spiked club
              (29 damage)
             ... on level 4 of the Dungeon.
             The game lasted 00:03:40 (1726 turns).

dolemite99 the Digger (Meteoran Earth Elementalist) Turns: 1726, Time: 00:03:40

Health: -17/38     AC:  3    Str:  9    XL:     5   Next: 58%
Magic:  5/10       EV: 12    Int: 19    God:
Gold:   74         SH:  0    Dex: 14    Spells: 5/9 levels left

rFire   . . .      SeeInvis .   (no weapon)
rCold   . . .      Faith    .   (no shield)
rNeg    . . .      Spirit   .   a - +1 robe
rPois   .          Reflect  .   (no helmet)
rElec   .          Harm     .   (no cloak)
rCorr   .          Rampage  .   (no gloves)
Will    .....                   (no boots)
Stlth   +.........              (no amulet)
HPRegen 0.12/turn               (no ring)
MPRegen 0.12/turn               (no ring)

@: glowing
A: sense surroundings 1, otherworldly, glowing, explore regen
a: no special abilities


You were on level 4 of the Dungeon.
You visited 1 branch of the dungeon, and saw 4 of its levels.

You collected 149 gold pieces.
You spent 75 gold pieces at shops.

Inventory:

Missiles
 f - 86 stones
 m - 8 boomerangs
Armour
 a - a +1 robe (worn)
 d - a +0 pair of boots
 g - a +0 kite shield
 i - a +2 pair of gloves
Jewellery
 k - a +4 ring of evasion
Wands
 j - a wand of flame (12)
Scrolls
 e - 2 scrolls of enchant armour
 n - a scroll of fog {unknown}
 o - a scroll of teleportation
 p - a scroll of summoning
 q - a scroll of vulnerability {unknown}
 r - a scroll of fear {unknown}
Potions
 b - a potion of magic
 c - a potion of heal wounds
 h - a potion of curing
 l - a potion of brilliance


   Skills:
 - Level 2.4 Dodging
 - Level 1.4 Stealth
 - Level 2.6 Spellcasting
 + Level 2.1 Conjurations
 - Level 1.2 Transmutations
 - Level 6.3 Earth Magic


You had 5 spell levels left.
You knew the following spells:

 Your Spells              Type           Power      Damage    Failure   Level
a - Sandblast             Erth           52%        2d12      1%          1
b - Stone Arrow           Conj/Erth      36%        3d9       9%          3

Your spell library contained the following spells:

 Spells                   Type           Power      Damage    Failure   Level
 Passwall                 Tmut/Erth      13%        N/A       4%          2
 Petrify                  Tmut/Erth      16%        N/A       32%         4


Dungeon Overview and Level Annotations

Branches:
Dungeon (4/15)
 Temple: D:4-7

Altars:

Shops:
D:1 *


Innate Abilities, Weirdness & Mutations

You passively map a small area around you.
You are easily found by Zot.
You glow in the dark.
You regain HP and MP as you explore.


Message History

An ogre comes into view. It is wielding a +0 giant spiked club.
The ogre shouts!
You hear a shout!
The hound stops to sniff the ground.
Casting: Sandblast (safe; 1% risk of failure)
Confirm with . or Enter, or press ? or * to list all spells.
Aiming: Sandblast (safe; 1% risk of failure)
Press: ? - help, Shift-Dir - straight line, f - hound
Aim: a hound (73% to hit)
The blast of sand hits the hound!
The hound is severely wounded.
The hound misses you. The hound completely misses you.
The hound bites you but does no damage. The hound barely misses you.
Casting: Sandblast (safe; 1% risk of failure)
Confirm with . or Enter, or press ? or * to list all spells.
Aiming: Sandblast (safe; 1% risk of failure)
Press: ? - help, Shift-Dir - straight line, f/p - hound
Aim: a hound (severely wounded, 73% to hit)
The blast of sand misses the hound.
The hound closely misses you.
The hound pauses to sniff the ground.
The hound bites you. The hound misses you.
Casting: Sandblast (safe; 1% risk of failure)
Confirm with . or Enter, or press ? or * to list all spells.
Aiming: Sandblast (safe; 1% risk of failure)
Press: ? - help, Shift-Dir - straight line, f/p - hound
Aim: a hound (severely wounded, 73% to hit)
The blast of sand hits the hound!
You kill the hound!
The ogre hits you with a +0 giant spiked club!!
Ouch! That really hurt!
Your Conjurations skill gained 2 levels and is now at level 2!
Casting: Sandblast (safe; 1% risk of failure)
Confirm with . or Enter, or press ? or * to list all spells.
Aiming: Stone Arrow (dangerous; 9% risk of failure)
Press: ? - help, Shift-Dir - straight line, f - ogre
Aim: an ogre, wielding a +0 giant spiked club (85% to hit)
The stone arrow hits the ogre!
The ogre is severely wounded.
The ogre hits you with a +0 giant spiked club!!
Ouch! That really hurt!
You die...

+ 8 * * *, ,
..... + , , * ,
#.... , ,, * **
,#?... , , + ,
+.... ,
#########..,
#..?. 8 *
#+####....O....#
... *
........O#####.#
* * #. *
######.#.@...#,*
,#.
...#..#.##.#, ,
* *,#. **
######......#,*
* #. *,*
#...'......# ,,
,,#. *
#.###......# *#.
*, , #.#
######.... , ..
#######.## #+#,*
, ##
.........#### ,
# #######.....#
,


You could see an ogre.

Vanquished Creatures
  A hound (D:4)
  4 gnolls (D:3)
  An adder (D:3)
  2 worms
  A dart slug (D:1)
  2 giant cockroaches (D:1)
  5 goblins
  2 hobgoblins
  2 jackals (D:2)
  4 quokkas
  3 ball pythons
  4 bats
  A frilled lizard (D:1)
  4 kobolds
  4 rats
40 creatures vanquished.

Notes
Turn   | Place    | Note
-------+----------+-------------------------------------------
     0 | D:1      | dolemite99 the Meteoran Earth Elementalist began the quest
                  | for the Orb.
     0 | D:1      | Reached XP level 1. HP: 14/14 MP: 5/5
   155 | D:1      | Reached skill level 4 in Earth Magic
   169 | D:1      | Reached XP level 2. HP: 8/20 MP: 4/6
   403 | D:1      | Reached XP level 3. HP: 24/26 MP: 6/8
   607 | D:2      | Reached skill level 5 in Earth Magic
   740 | D:1      | Found Went's Assorted Antiques.
   748 | D:1      | Bought a scroll labelled PAKUME FOMI for 25 gold pieces
   748 | D:1      | Bought a scroll labelled WOLEMA KASOUJ for 25 gold pieces
   748 | D:1      | Bought a scroll labelled WOLEMA KASOUJ for 25 gold pieces
  1012 | D:3      | Reached XP level 4. HP: 33/33 MP: 5/9
  1300 | D:3      | Reached skill level 6 in Earth Magic
  1302 | D:3      | Reached XP level 5. HP: 28/38 MP: 5/10
  1643 | D:2      | Glimpsed the power of Zot.
  1667 | D:4      | Noticed an ogre
  1674 | D:3      | Learned a level 3 spell: Stone Arrow
  1719 | D:4      | Noticed an ogre
  1726 | D:4      | Demolished by an ogre

Illustrated notes

Levels and vault maps discovered:
D:1:      scummos_arrival_hexagon, layout_basic, serial_shops, shop,
          minivault_24
D:2:      layout_basic, supply_closet_lemuel, dk_noncrumbling_4,
          skrybe_limestone_x, chequers_serial_rivers_micro_b, st_stairs_6
D:3:      layout_loops_ring, hellmonk_ecumenical_altar_watching_god
D:4:      layout_basic, minmay_temple_entry_statues_fountains,
          small_statue_intersection, st_stairs_4, uniq_crazy_yiuf_cottage,
          uniq_eustachio

Skill      XL: |  1  2  3  4  5 |
---------------+----------------+-----
Earth Magic    | 4 5 6 |  6.3
Conjurations   | 2 |  2.1
Dodging        | |  2.4
Stealth        | |  1.4
Spellcasting   | |  2.6
Transmutations | |  1.2

Action                   |  1- 3 |  4- 6 || total
-------------------------+-------+-------++-------
Melee: Unarmed           |     5 |       ||     5
 Cast: Sandblast         |    41 |    17 ||    58
       Stone Arrow       |       |     1 ||     1
  Use: Scroll            |     7 |       ||     7
Armor: Robe              |     6 |     2 ||     8
Dodge: Dodged            |    18 |    12 ||    30

Table legend: (Time is in decaauts)
 A = Elapsed time spent in this place.
 B = Non-inter-level travel time spent in this place.
 C = Inter-level travel time spent in this place.
 D = Time resting spent in this place.
 E = Time spent auto-exploring this place.
 F = Levels seen in this place.
 G = Mean time per level.
                   A        B        C        D        E       F      G
               +--------+--------+--------+--------+--------+-----+--------+
         Total |   1786 |   1614 |    172 |    490 |    614 |   4 |  446.5 |
       Dungeon |   1786 |   1614 |    172 |    490 |    614 |   4 |  446.5 |
               +--------+--------+--------+--------+--------+-----+--------+

Top non-repeatable levels by time:
     D:2: 795 daAuts
     D:1: 663 daAuts
     D:3: 281 daAuts
     D:4: 46 daAuts
